 Dungeon Crawl Stone Soup version 0.22.1-1-ga44c0e56f4 (webtiles) character file.

617 PikkenKukken the Ruffian (level 7, 0/66 HPs)
             Began as a Troll Monk on Oct 3, 2018.
             Slain by a killer bee (4 damage)
             ... on level 4 of the Dungeon.
             The game lasted 00:05:31 (3090 turns).

PikkenKukken the Ruffian (Troll Monk)               Turns: 3090, Time: 00:05:32

Health: 0/66       AC:  6    Str: 25    XL:     7   Next: 21%
Magic:  6/6        EV: 11    Int:  8    God:
Gold:   230        SH:  3    Dex: 12    Spells: 6/6 levels left

rFire    . . .     SeeInvis .     - Unarmed
rCold    . . .     Gourm    +   (no shield)
rNeg     . . .     Faith    .   a - +1 robe
rPois    .         Spirit   .   (helmet restricted)
rElec    .         Reflect  +   (no cloak)
rCorr    .         Harm     .   (gloves unavailable)
MR       .....                  (boots unavailable)
Stlth    ++........             r - +3 amulet of reflection
HPRegen  0.61/turn              (no ring)
MPRegen  0.10/turn              (no ring)

@: mighty, lethally poisoned (0 -> -1)
A: large, unfitting armour, claws 3, fast metabolism 3, gourmand, regeneration
1, shaggy fur 1, tough skin 2
a: no special abilities


You were on level 4 of the Dungeon.
You were very full.

You visited 1 branch of the dungeon, and saw 5 of its levels.

You collected 230 gold pieces.

Inventory:

Armour
 a - a +1 robe (worn)
Jewellery
 r - a +3 amulet of reflection (around neck)
Wands
 p - a wand of flame (29)
Scrolls
 c - a scroll of identify
 e - 4 scrolls of remove curse
 q - 2 scrolls of blinking
Potions
 d - a potion of might
 f - a potion of mutation {unknown}
 g - a potion of invisibility {unknown}
 h - 2 potions of flight
 i - a potion of agility {unknown}
 k - a potion of degeneration {unknown}
 l - 2 potions of curing
 m - 2 potions of brilliance
 n - a potion of heal wounds {unknown}
 o - a potion of ambrosia {unknown}
Comestibles
 b - 13 rations


   Skills:
 + Level 2.9 Fighting
 + Level 3.4 Dodging
 - Level 1.0 Stealth
 * Level 7.6 Unarmed Combat


You had 6 spell levels left.
You didn't know any spells.
Your spell library was empty.

Dungeon Overview and Level Annotations

Branches:
Dungeon (5/15)
 Temple: D:4-7

Altars:

Shops:
D:4 :

Annotations:
D:3 3 runed doors, raetorn's ghost, amateur DgCj


Innate Abilities, Weirdness & Mutations

You are too large for most types of armour.
You have claws for hands.
Your metabolism is lightning-fast.
You like to eat raw meat.
Your natural rate of healing is unusually fast.
You are covered in fur. (AC +1)
You have very tough skin. (AC +2)


Message History

The killer bee stings you but does no damage. x2
The killer bee closely misses you. The killer bee stings you.
* * * LOW HITPOINT WARNING * * *
You feel very mighty all of a sudden. The killer bee closely misses you.
The killer bee stings you.
* * * LOW HITPOINT WARNING * * *
The killer bee stings you.
* * * LOW HITPOINT WARNING * * *
You are poisoned.
The killer bee poisons you! The killer bee stings you.
* * * LOW HITPOINT WARNING * * *
You block the killer bee's attack. The killer bee barely misses you.
You mangle the killer bee!!
You kill the killer bee!
You feel sick.
The killer bee stings you but does no damage.
The killer bee stings you.
* * * LOW HITPOINT WARNING * * *
The killer bee stings you.
You die...

###########.>.....# #.§..##
#.........<.#.....# #.#≈..#
#...........#.....# #.#≈≈§§
#...........#.....########.#≈≈§§
###########.#..............#####
#.#...##..........#
#.##..##..........#
########.##yy##...########
#...........@##...#
#........######...#
#####.(......# #####
.............# .............#
......######## ......# ......#
......#


You could see 2 killer bees.

Vanquished Creatures
  An ogre (D:5)
  A centaur (D:4)
  3 killer bees (D:4)
  A hound (D:5)
  An orc priest (D:3)
  Terence (D:2)
  An iguana (D:4)
  2 orc wizards
  Robin (D:1)
  3 adders
  An ooze (D:4)
  5 worms
  3 dart slugs
  7 orcs
  4 ball pythons
  2 giant cockroaches
  14 goblins
  9 hobgoblins
  10 kobolds
  2 quokkas
  10 bats
  4 frilled lizards
  2 leopard gecko skeletons (D:4)
  A quokka skeleton (D:4)
  11 rats
100 creatures vanquished.

Notes
Turn   | Place    | Note
-------+----------+-------------------------------------------
     0 | D:1      | PikkenKukken the Troll Monk began the quest for the Orb.
     0 | D:1      | Reached XP level 1. HP: 22/22 MP: 0/0
   159 | D:1      | Reached XP level 2. HP: 29/29 MP: 1/1
   541 | D:1      | Reached XP level 3. HP: 35/36 MP: 2/2
  1014 | D:2      | Reached skill level 4 in Unarmed Combat
  1038 | D:2      | Noticed Terence
  1044 | D:2      | Killed Terence
  1044 | D:2      | Reached XP level 4. HP: 44/44 MP: 3/3
  1156 | D:2      | Noticed Robin
  1244 | D:1      | Killed Robin
  1371 | D:2      | Reached skill level 5 in Unarmed Combat
  1618 | D:2      | Reached XP level 5. HP: 52/52 MP: 4/4
  2232 | D:3      | Found a runed gate.
  2232 | D:3      | Found a runed gate.
  2234 | D:3      | Found a runed gate.
  2359 | D:3      | Noticed raetorn's ghost (amateur DgCj)
  2415 | D:4      | Reached skill level 6 in Unarmed Combat
  2415 | D:4      | Reached XP level 6. HP: 59/59 MP: 5/5
  2729 | D:4      | Found Kaetoepn's Book Shoppe.
  2900 | D:5      | Entered Level 5 of the Dungeon
  2919 | D:5      | Reached skill level 7 in Unarmed Combat
  2990 | D:4      | Reached XP level 7. HP: 28/66 MP: 6/6
  3090 | D:4      | Slain by a killer bee

Skill      XL: |  1  2  3  4  5  6 |
---------------+-------------------+-----
Unarmed Combat | 4 5 6 7 |  7.6
Dodging        | 3 |  3.4
Fighting       | |  2.9
Stealth        | |  1.0

Action                   |  1- 3 |  4- 6 |  7- 9 || total
-------------------------+-------+-------+-------++-------
Melee: Unarmed           |    82 |   150 |    15 ||   247
       Punch             |     1 |     2 |       ||     3
  Use: Scroll            |     2 |    11 |       ||    13
       Potion            |       |       |     3 ||     3
 Stab: Sleeping          |     2 |     5 |       ||     7
  Eat: Chunk             |    15 |    18 |       ||    33
Armor: Robe              |    21 |    43 |    11 ||    75
Dodge: Dodged            |    34 |    92 |    28 ||   154
Block: Other             |       |     4 |     8 ||    12
